 Dungeon Crawl Stone Soup version 0.31.0-32-g396128a36d (webtiles) character file.

Game seed: 14549794786864639549

54 hawla the Covered (level 3, 0/30 HPs)
             Began as a Minotaur Gladiator on Apr 12, 2024.
             Succumbed to an adder's poison
             ... on level 1 of the Dungeon.
             The game lasted 00:02:39 (925 turns).

hawla the Covered (Minotaur Gladiator)               Turns: 925, Time: 00:02:40

Health: 0/30       AC:  3    Str: 18    XL:     3   Next: 66%
Magic:  0/2        EV: 12    Int:  5    God:
Gold:   79         SH:  0    Dex: 13    Spells: 2/2 levels left

rFire   . . .        a - +0 long sword
rCold   . . .        (no shield)
rNeg    . . .        b - +0 leather armour
rPois   .            c - +0 hat
rElec   .            (no cloak)
rCorr   .            (no gloves)
SInv    .            (no boots)
Will    .....        g - amulet of guardian spirit
Stlth   +            (no ring)
HPRegen 0.25/turn    (no ring)
MPRegen 0.08/turn

%: guardian spirit
@: lethally poisoned (0 -> -6)
A: horns 2, retaliatory headbutt
a: no special abilities


You were on level 1 of the Dungeon.
You visited 1 branch of the dungeon, and saw 2 of its levels.

You collected 79 gold pieces.

Inventory:

Hand Weapons
 a - a +0 long sword (weapon)
Missiles
 d - 3 throwing nets (quivered)
 e - a javelin
Armour
 b - a +0 leather armour (worn)
 c - a +0 hat (worn)
Jewellery
 g - an amulet of guardian spirit (around neck)


   Skills:
 - Level 2.4 Fighting
 - Level 3.6 Long Blades
 - Level 2.0 Throwing
 + Level 3.7 Armour
 - Level 3.2 Dodging
 - Level 1.0 Stealth


You had 2 spell levels left.
You didn't know any spells.
Your spell library was empty.

Dungeon Overview and Level Annotations

Branches:
Dungeon (2/15)

Altars:

Shops:
D:1 (!*[(

Annotations:
D:1 2 transporters


Innate Abilities, Weirdness & Mutations

You have a pair of horns on your head.
You reflexively headbutt those who attack you in melee.


Message History

You feel very sick.
There is a stone staircase leading down, spattered with blood here.
You miss the adder.
The adder is severely wounded.
You feel sick. The adder barely misses you. You furiously retaliate!
You headbutt the adder. The adder barely misses you. The kobold misses you.
You furiously retaliate!
You headbutt the kobold.
You kill the kobold!
You closely miss the adder.
The adder is moderately wounded.
You feel sick. The adder bites you.
You are more poisoned.
The adder poisons you! The adder barely misses you. The adder misses you.
The adder barely misses you.
You hit the adder but do no damage.
The adder is moderately wounded.
You feel very sick. The adder bites you.
* * * LOW HITPOINT WARNING * * *
The adder bites you.
* * * LOW HITPOINT WARNING * * *
You are more poisoned.
The adder poisons you!
You aren't carrying any potions.
You aren't carrying any scrolls.
You aren't carrying any potions.
You hit the adder.
You kill the adder!
* * * LOW HITPOINT WARNING * * *
You feel very sick. The adder completely misses you.
The adder barely misses you.
Unknown command.
You hit the adder.
The adder is heavily wounded.
* * * LOW HITPOINT WARNING * * *
You feel very sick. The adder bites you but does no damage.
The adder bites you.
You closely miss the adder. Your headbutt misses the adder.
The adder is heavily wounded.
You die...

########
##########.......
#..........#.....
##.###############
######.).####......#
#....S@#....#..##..#
#.####)..##.#..##..#
#.# ##.#####......##
# #.# #.#
#.......### #.#
#.#####.........#
#.#
#.#......###.....
#.# #.#.....##
###... #.# #....####
##... #.# ####.#
##....


You could see an adder.

Vanquished Creatures
  2 gnolls (D:1)
  An adder (D:1)
  2 bats (D:1)
  3 endoplasms (D:1)
  3 giant cockroaches (D:1)
  3 hobgoblins
  2 kobolds (D:1)
  2 ball pythons (D:1)
  3 goblins (D:1)
  3 rats (D:1)
24 creatures vanquished.

Notes
Turn   | Place    | Note
-------+----------+-------------------------------------------
     0 | D:1      | hawla the Minotaur Gladiator began the quest for the Orb.
     0 | D:1      | Reached XP level 1. HP: 18/18 MP: 0/0
   157 | D:1      | Found Senutz's Antique Weapon Shoppe.
   171 | D:1      | Reached skill level 1 in Stealth
   210 | D:1      | Found Toomot's Distillery.
   241 | D:1      | Reached skill level 1 in Armour
   252 | D:1      | Found Xihutug's Armour Shoppe.
   278 | D:1      | Reached XP level 2. HP: 25/25 MP: 1/1
   453 | D:1      | Found Peipat's Antique Weapon Shop.
   478 | D:1      | Found a transporter.
   498 | D:1      | Found Yddisi's Assorted Antiques.
   599 | D:1      | Found a transporter.
   704 | D:1      | Reached XP level 3. HP: 3/30 MP: 0/2
   924 | D:1      | HP: 1/30 [poisoned by an adder]
   925 | D:1      | Succumbed to an adder's poison

Illustrated notes

Levels and vault maps discovered:
D:1:      amcnicky_arrival_wind_blow, layout_loops_ring, serial_shops,
          nicolae_shop_rolling_square, shop, nicolae_shop_drivethru, shop, shop
D:2:      layout_rooms, dreamdust_ecumenical_altar_hidden_monk_grotto,
          nicolae_grassy_gnolls

Skill      XL: |  1  2 |
---------------+-------+-----
Stealth        | 1 |  1.0
Armour         | 1 3 |  3.7
Fighting       | |  2.4
Long Blades    | |  3.6
Throwing       | |  2.0
Dodging        | |  3.2

Action                     || total
---------------------------++-------
  Melee: Long sword        ||    46
         Headbutt          ||     9
    Use: Scroll            ||     1
 Armour: Leather armour    ||    39
  Dodge: Dodged            ||    50
